 Dungeon Crawl Stone Soup version 0.19-a0-1920-g83281cb (webtiles) character file.

161 LORDOFBUTT the Sneak (level 5, -2/25 HPs)
             Began as a Spriggan Assassin on Oct 24, 2016.
             Killed from afar by an orc wizard (6 damage)
             ... with a magic dart
             ... on level 2 of the Dungeon.
             The game lasted 00:02:44 (2050 turns).

LORDOFBUTT the Sneak (Spriggan Assassin)            Turns: 2050, Time: 00:02:45

Health: -2/25      AC:  3    Str:  7    XL:     5   Next: 19%
Magic:  6/6        EV: 17    Int: 12    God:
Gold:   60         SH:  0    Dex: 19    Spells: 0 memorised, 4 levels left

rFire  . . .     SeeInvis +     i - +0 short sword (venom)
rCold  . . .     Gourm    .     c - +0 robe
rNeg   . . .     Faith    .     (shield restricted)
rPois  .         Spirit   .     (helmet restricted)
rElec  .         Reflect  .     d - +0 cloak
rCorr  +         Harm     .     (gloves unavailable)
MR     .....                    (boots unavailable)
Stlth  ++++......               (no amulet)
                                w - ring of resist corrosion
                                (no ring)

@: very quick
A: unfitting armour, see invisible, herbivore 3, speed 3, slow metabolism 2
a: no special abilities


You were on level 2 of the Dungeon.
You were not hungry.

You visited 1 branch of the dungeon, and saw 3 of its levels.

You collected 60 gold pieces.

Inventory:

Hand Weapons
 a - a +2 dagger
 b - a +0 blowgun
 i - a +0 short sword of venom (weapon)
Missiles
 e - 8 poisoned needles
 f - 2 curare-tipped needles
Armour
 c - a +0 robe (worn)
 d - a +0 cloak (worn)
Jewellery
 r - an uncursed ring of ice
 w - a ring of resist corrosion (right hand)
 z - an uncursed ring of wizardry
Scrolls
 k - a scroll of amnesia {unknown}
 m - a scroll of teleportation {unknown}
 q - 2 scrolls of remove curse {unknown}
 t - a scroll of fog {unknown}
 v - a scroll of magic mapping {unknown}
 y - a scroll of identify {unknown}
Potions
 h - a potion of curing {unknown}
 j - a potion of flight {unknown}
 l - a potion of beneficial mutation {unknown}
 o - a potion of degeneration {unknown}
 p - 3 potions of might {unknown}
 s - a potion of agility {unknown}
 u - a potion of cancellation {unknown}
 x - 2 potions of brilliance {unknown}
Comestibles
 g - 2 bread rations
 n - a royal jelly


   Skills:
 - Level 1.5 Fighting
 * Level 5.2 Short Blades
 - Level 2.0 Throwing
 - Level 1.5 Dodging
 + Level 7.1 Stealth


You had 4 spell levels left.
You didn't know any spells.

Dungeon Overview and Level Annotations

Branches:
Dungeon (3/15)

Altars:
Sif Muna
Trog
Zin

Shops:
D:2 *


Innate Abilities, Weirdness & Mutations

You are very small and have problems with some larger weapons.
You are too small for most types of armour.
You have supernaturally acute eyesight. (SInv)
You are a herbivore.
You cover ground extremely quickly.
You need consume almost no food.


Message History

You can't go up here!
You hit the orc wizard.
The orc wizard looks as sick as possible!
The orc wizard is severely wounded.
You kill the orc wizard!
You have reached level 5!
You feel agile. The orc wizard completely misses you.
The orc wizard barely misses you.
You hit the orc wizard but do no damage.
The orc wizard gestures at you while chanting.
The magic dart hits you!
* * * LOW HITPOINT WARNING * * *
You are too injured to fight recklessly!
You are too injured to fight recklessly!
You are too injured to fight recklessly!
You are too injured to fight recklessly!
You barely miss the orc wizard.
The orc wizard points at you and mumbles some strange words.
The magic dart hits you!
You die...

#..#_)#.#.#.#.8............ ##
#).#8..............########
.######..#.......(.)....<........
.........#..#.#.#.#.8#'#.########
..#########_#.#.###.##.#.#..<....
.........#############.#.#.#.###.
..#.#####.#..###....##.#.#.#...#.
#.#...###.#...##.)..##.#.#.###.#.
(..............o@...##.#.#.....#.
#.#.#.###.#.#..#.÷..)..#...#####.
#.#.........##.#.#.....#.#.......
#.###.....####.†.#.....##########
#.# ####### ##..#...............
..# #.)###............. ### #..#
#.....######## ######.###.....#
#............#.#


You could see an orc wizard.

Vanquished Creatures
  An orc wizard (D:2)
  Ijyb (D:2)
  3 adders (D:2)
  4 oozes
  A worm (D:2)
  2 dart slugs (D:2)
  A leopard gecko (D:1)
  4 orcs
  8 bats
  2 giant cockroaches
  4 goblins
  3 hobgoblins (D:1)
  8 jackals
  5 kobolds
  A frilled lizard (D:1)
  5 rats
53 creatures vanquished.

Notes
Turn   | Place    | Note
-------+----------+-------------------------------------------
     0 | D:1      | LORDOFBUTT the Spriggan Assassin began the quest for the Orb.
     0 | D:1      | Reached XP level 1. HP: 10/10 MP: 2/2
   316 | D:1      | Reached XP level 2. HP: 11/14 MP: 3/3
   323 | D:1      | Reached skill level 6 in Stealth
   697 | D:2      | Noticed Ijyb
   706 | D:2      | Reached XP level 3. HP: 15/18 MP: 4/4
   712 | D:2      | Killed Ijyb
   721 | D:2      | Found a bloodstained altar of Trog.
   790 | D:2      | Reached XP level 4. HP: 11/22 MP: 5/5
   792 | D:2      | Found Zin's Purification Station.
   792 | D:2      | Found a glowing silver altar of Zin.
  1755 | D:2      | Found a deep blue altar of Sif Muna.
  1814 | D:2      | Reached skill level 5 in Short Blades
  1865 | D:2      | Reached skill level 7 in Stealth
  2048 | D:2      | Reached XP level 5. HP: 11/25 MP: 6/6
  2050 | D:2      | Killed from afar by an orc wizard

Vault maps used:
D:1:      doesnt_arrival_goblin_jail
D:2:      minitemple, zin_purify, uniq_iyjb
D:3:      fedhas_altar_3, uniq_robin

Skill      XL: |  1  2  3  4 |
---------------+-------------+-----
Short Blades   | 3 4 5 |  5.2
Stealth        | 6 7 |  7.1
Fighting       | |  1.5
Throwing       | |  2.0
Dodging        | |  1.5

Action                   |  1- 3 |  4- 6 || total
-------------------------+-------+-------++-------
Melee: Short sword       |    55 |    95 ||   150
       Dagger            |     1 |       ||     1
 Stab: Sleeping          |     9 |     6 ||    15
       Distracted        |     1 |     1 ||     2
Armor: Robe              |     8 |    12 ||    20
Dodge: Dodged            |    39 |    85 ||   124
